Map: Ulrena

Players

MorN

  • Race: Terran Terran
  • League: Master

KOKAMITE - Winner!

  • Race: Zerg Zerg
  • League: Master

VOD

Have the link to the VOD?

Description

Time

  • Played on: Nov. 23, 2015, 7:20 p.m.
  • Length: 15:14
Show
View Real Time Build Order
Export as new Build Order

MorN Terran 

Build Orders: Reaper Expand, MMM Bio 

Get SALT Encoding   

  12  0:00  SCV  
  13  0:13  SCV  
  14  0:17  Supply Depot  
  14  0:25  SCV  
  15  0:39  SCV  
  15  0:40  Barracks  
  16  0:44  Refinery  
  16  0:52  SCV  
  17  1:04  SCV  
  18  1:16  SCV  
  19  1:27  Reaper  
  19  1:29  Orbital Command  
  20  1:42  Command Center  
  20  1:52  Supply Depot  
  20  1:55  SCV  
  20  2:00  Reaper  
  22  2:08  SCV  
  23  2:20  SCV  
  24  2:29  Factory  
  24  2:44  Barracks Reactor  
  24  2:47  Refinery  
  24  2:48  SCV  
  25  2:52  Command Center  
  25  3:00  SCV  
  25  3:03  Orbital Command  
  26  3:12  SCV  
  27  3:19  Factory Tech Lab  
  27  3:21  Starport, Marine  
  27  3:22  Marine  
  27  3:24  SCV  
  30  3:28  SCV  
  31  3:36  SCV  
  31  3:40  SCV  
  33  3:43  Siege Tank  
  33  3:44  Marine x2  
  38  3:48  SCV  
  38  3:52  SCV  
  40  4:00  SCV  
  40  4:01  Medivac  
  43  4:05  SCV  
  43  4:07  Orbital Command  
  43  4:12  Marine x2  
  45  4:23  SCV x2  
  47  4:33  Barracks  
  47  4:34  Viking, Factory Reactor  
  47  4:35  SCV  
  47  4:37  Barracks  
  50  4:42  SCV x2  
  52  4:46  Bunker  
  52  4:47  Supply Depot  
  52  4:48  SCV, Supply Depot  
  53  4:54  SCV  
  51  5:13  SCV  
  47  5:14  SCV  
  47  5:17  SCV, Engineering Bay x2  
  47  5:18  Refinery  
  47  5:21  Supply Depot  
  48  5:22  Supply Depot  
  48  5:23  Stimpack, Refinery  
  48  5:24  Starport Reactor  
  48  5:25  SCV  
  48  5:26  SCV  
  50  5:29  Barracks  
  50  5:30  SCV  
  50  5:32  Factory Reactor, Barracks  
  50  5:33  Supply Depot  
  50  5:34  Marine x4  
  55  5:37  SCV  
  55  5:38  SCV  
  55  5:42  SCV  
  58  5:50  Marine  
  58  5:52  Marine x4  
  55  6:05  SCV  
  55  6:07  Marine  
  55  6:10  Marine x2  
  57  6:13  SCV  
  57  6:16  SCV  
  57  6:17  SCV  
  57  6:19  Marine  
  57  6:20  Marine x3  
  58  6:25  Marine  
  58  6:28  Marine x2  
  58  6:30  Terran Infantry Weapons Level 1  
  58  6:31  Terran Infantry Armor Level 1  
  60  6:37  Marine  
  61  6:41  SCV  
  62  6:47  Medivac x2  
  66  6:56  Supply Depot  
  66  6:57  Supply Depot  
  66  6:58  Marine x4  
  66  6:59  Barracks Reactor x2  
  70  7:01  Supply Depot  
  70  7:02  SCV  
  70  7:04  Marine  
  72  7:08  SCV  
  72  7:14  SCV, Orbital Command  
  74  7:16  Marine  
  74  7:19  Medivac, Marine x3  
  74  7:20  Widow Mine x2, Medivac  
  86  7:24  Combat Shields  
  86  7:27  Marine  
  87  7:34  Missile Turret, Marine  
  87  7:35  SCV, Armory  
  87  7:36  SCV, Marine  
  91  7:40  SCV  
  92  7:46  Marauder  
  92  7:47  SCV  
  92  7:48  SCV  
  92  7:50  Marine  
  92  7:51  Marine x4  
  101  8:23  Supply Depot  
  101  8:25  Marauder, SCV, Medivac, Marine x3  
  109  8:41  Marine  
  109  8:43  Marine x2  
  109  8:44  SCV x2, Medivac, Marine x3  
  109  8:47  Marauder  
  117  8:51  Marine  
  117  8:54  Marine  
  117  8:59  SCV  
  117  9:07  Supply Depot x2  
  117  9:09  Command Center  
  117  9:10  Supply Depot  
  117  9:11  Marine  
  117  9:12  Marine  
  117  9:13  Marine x2  
  117  9:14  Marine  
  117  9:16  Marine x3  
  117  9:19  Marauder  
  117  9:23  SCV  
  117  9:25  Terran Infantry Weapons Level 2, Terran Infantry Armor Level 2  
  117  9:26  Supply Depot  
  117  9:29  SCV, Marine, Medivac x2  
  117  9:30  Marine x2  
  125  9:34  Marine x3  
  125  9:36  SCV x2  
  125  9:38  Widow Mine  
  132  9:40  Marauder  
  120  9:54  Marine x3  
  120  9:56  Marine x2  
  120  9:59  Medivac  
  109  10:00  Marine x3  
  109  10:02  Marauder  
  103  10:12  Marine x3  
  103  10:14  Marine x2  
  104  10:18  Marine  
  104  10:19  Marine x2  
  104  10:23  Marauder  
  103  10:33  Marine x3  
  106  10:36  SCV  
  106  10:39  SCV  
  106  10:41  Supply Depot  
  108  10:44  Marauder  
  108  10:48  Marine x5  
  115  10:51  Marine  
  115  10:52  SCV  
  117  11:00  Barracks  
  117  11:01  Barracks  
  117  11:02  Barracks  
  117  11:04  Marine x2  
  117  11:06  Marauder  
  117  11:11  Marine x4  
  121  11:13  Marine  
  123  11:19  Marine  
  123  11:22  Marine  
  114  11:27  Marauder  
  114  11:29  Marine x4  
  119  11:33  Marine x2  
  121  11:41  Marine x2  
  121  11:42  Medivac x2  
  121  11:44  Planetary Fortress  
  121  11:47  Marine  
  127  11:49  Marauder  
  127  11:51  Marine x3  
  127  11:52  Barracks Reactor, Barracks Tech Lab  
  124  12:05  Missile Turret  
  124  12:10  Marauder  
  124  12:14  Supply Depot  
  124  12:15  Supply Depot  
  113  12:31  Marauder  
  113  12:32  Marauder, Marine x2  
  113  12:33  Marine x2  
  104  12:39  Marine x2  
  104  12:40  Marine x2  
  101  12:51  Marine x3  
  97  12:53  Marauder  
  97  12:54  Marauder  
  97  12:58  Marine x2  
  86  13:07  Orbital Command  
  78  13:14  Marine x2, Marauder  
  78  13:15  Marauder, Marine x2  
  78  13:17  Marine x2  
  78  13:19  Marine x3  
  79  13:23  Marine x2  
  75  13:32  Marine x3  
  75  13:33  Marine  
  78  13:35  Marine x2  
  78  13:36  Marauder x2  
  79  13:48  Marine x3  
  76  13:50  Marine  
  76  13:52  Marine x2  
  76  13:53  Marine x2  
  71  13:56  Marine x2  
  71  13:57  Orbital Command, Marauder  
  71  13:58  Marauder  
  72  14:16  Marine x2  
  72  14:17  Marine x3  
  74  14:18  Marauder  
  74  14:19  Marauder  
  81  14:31  Marine x3  
  82  14:38  Marine x2  
  82  14:40  Marine x2, Marauder  
  82  14:41  Marauder  
  82  14:50  Marine x4  
  83  14:56  Marine x2  
Show
View Real Time Build Order
Export as new Build Order

KOKAMITE Zerg - Winner!

Build Orders: Hatch First 

Get SALT Encoding   

  12  0:01  Drone  
  13  0:08  Drone  
  14  0:17  Overlord  
  14  0:22  Extractor  
  14  0:23  Drone  
  17  0:35  Drone x2  
  17  0:44  Drone  
  18  0:57  Hatchery  
  18  1:00  Drone  
  18  1:06  Drone  
  18  1:10  Extractor  
  18  1:16  Drone  
  19  1:27  Drone  
  19  1:28  Spawning Pool  
  19  1:40  Drone  
  20  1:55  Overlord  
  20  2:15  Queen x2  
  20  2:16  Hatchery  
  20  2:18  Zergling x2  
  20  2:21  Zergling x2  
  25  2:24  Zergling x2  
  25  2:38  Extractor  
  25  2:39  Metabolic Boost  
  24  2:45  Drone  
  24  2:46  Drone x2  
  28  3:04  Queen  
  28  3:13  Drone x4  
  32  3:20  Overlord  
  32  3:31  Queen  
  34  3:37  Queen  
  34  3:39  Drone x2  
  34  3:40  Drone  
  39  3:49  Drone x4  
  42  4:19  Drone x7  
  42  4:20  Overlord x2  
  49  4:28  Overlord  
  49  4:34  Overlord  
  49  4:35  Overlord  
  49  4:40  Roach Warren  
  49  4:44  Extractor  
  49  4:45  Zergling x20  
  57  5:02  Zergling x4  
  57  5:03  Zergling x14  
  63  5:12  Overlord  
  63  5:13  Drone x2  
  65  5:20  Evolution Chamber  
  64  5:21  Evolution Chamber, Pneumatized Carapace  
  63  5:30  Drone x9  
  63  5:35  Spore Crawler  
  71  5:39  Drone  
  71  5:40  Drone x3  
  75  5:48  Zerg Ground Armor Level 1  
  75  5:51  Zergling x2  
  75  5:52  Zergling x6  
  71  6:13  Drone x4  
  71  6:14  Drone x3  
  71  6:17  Hatchery  
  73  6:28  Zergling x4  
  73  6:29  Zergling x16  
  80  6:33  Lair, Zerg Melee Weapons Level 1  
  80  6:39  Extractor  
  79  6:41  Extractor, Queen  
  79  6:43  Roach  
  79  6:44  Overlord  
  82  7:04  Roach  
  82  7:05  Roach x3  
  82  7:06  Overlord x4  
  90  7:19  Overlord x3  
  89  7:39  Hatchery, Roach x11  
  89  7:41  Glial Reconstitution  
  110  7:55  Ravager x3  
  110  7:56  Overlord  
  110  7:57  Overlord x2  
  113  8:18  Roach x3  
  113  8:19  Roach x9  
  137  8:30  Overlord  
  137  8:31  Roach  
  137  8:32  Roach x4  
  144  8:46  Zergling x10  
  144  8:47  Zergling x16  
  132  8:54  Roach x2  
  134  8:59  Ravager x2  
  134  9:00  Ravager  
  134  9:01  Overlord x2  
  134  9:02  Zergling x2  
  134  9:03  Zergling x4  
  119  9:23  Roach  
  119  9:24  Roach x11  
  142  9:31  Roach x3  
  142  9:32  Roach  
  147  9:52  Roach x9  
  127  10:20  Roach x10  
  127  10:21  Roach x2  
  122  10:30  Zerg Missile Weapons Level 1  
  122  10:35  Drone x10  
  120  10:36  Drone x5  
  120  10:40  Extractor  
  120  10:41  Drone x3  
  130  10:51  Queen  
  130  10:54  Roach x2  
  132  10:58  Ravager x4  
  132  11:01  Zergling x20  
  145  11:11  Ravager x2  
  142  11:21  Zergling x2  
  142  11:22  Zergling x34  
  153  11:30  Overseer  
  152  11:34  Ravager  
  152  11:35  Ravager x2  
  148  11:52  Roach x12  
  148  11:53  Roach x3  
  170  12:02  Extractor  
  169  12:11  Hatchery  
  168  12:17  Zergling x28  
  168  12:19  Overlord x2  
  158  12:30  Zergling x14  
  158  12:31  Zergling x4  
  159  12:41  Zergling x6  
  159  12:42  Zergling x12  
  148  12:59  Roach x10  
  139  13:22  Infestation Pit  
  136  13:31  Zergling x28  
  136  13:32  Zergling x2  
  131  14:08  Drone  
  131  14:09  Drone x2  
  132  14:17  Roach x15  
  132  14:18  Roach x5  
  170  14:25  Extractor  
  170  14:26  Ravager x10  
  176  14:42  Zergling x30  
  176  14:43  Zergling x4  
Tags
 
Composition
MMM Bio
Matchup
TvZ
Replay Pack
MorN pack 2
Add a new tag
Caveats
  • Supply blocks, unpowered buildings, or Contaminate may cause inaccurate times.
  • Supply counts are checked every 10 seconds.